 Dungeon Crawl Stone Soup version 0.31.0-9-g3a7656b989 (webtiles) character file.

Game seed: 8223541601597616860

124 GordonOverkill the Sneak (level 5, -4/41 HPs)
             Began as a Formicid Delver on Jan 25, 2024.
             Slain by a ribbon worm (8 damage)
             ... on level 3 of the Dungeon.
             The game lasted 00:01:41 (504 turns).

GordonOverkill the Sneak (Formicid Delver)           Turns: 504, Time: 00:01:42

Health: -4/41      AC:  3    Str: 18    XL:     5   Next: 30%
Magic:  5/5        EV: 12    Int: 10    God:
Gold:   53         SH:  0    Dex: 15    Spells: 4/4 levels left

rFire   . . .        a - +0 mace
rCold   . . .        (no shield)
rNeg    . . .        b - +0 leather armour
rPois   .            (helmet unavailable)
rElec   .            (no cloak)
rCorr   .            (no gloves)
SInv    +            (no boots)
Will    .....        (no amulet)
Stlth   +++          (no ring)
HPRegen 0.26/turn    (no ring)
MPRegen 0.09/turn

%: no passive effects
@: no status effects
A: permanent stasis, dig shafts and tunnels, antennae 3, four strong arms
a: Dig, Shaft Self


You were on level 3 of the Dungeon.
You visited 1 branch of the dungeon, and saw 5 of its levels.

You collected 53 gold pieces.

Inventory:

Hand Weapons
 a - a +0 mace (weapon)
 h - a +1 dagger of venom
Armour
 b - a +0 leather armour (worn)
Jewellery
 i - a ring of flight
Wands
 f - a wand of digging (3)
 g - a wand of quicksilver (9)
Scrolls
 c - a scroll of fog
 d - a scroll of revelation
 e - 2 scrolls of fear
 j - a scroll of noise {unknown}


   Skills:
 - Level 3.2 Fighting
 + Level 5.1 Maces & Flails
 - Level 1.7 Dodging
 - Level 6.0 Stealth


You had 4 spell levels left.
You didn't know any spells.
Your spell library was empty.

Dungeon Overview and Level Annotations

Branches:
Dungeon (6/15)
 Temple: D:4-7

Altars:
Fedhas

Annotations:
D:3 1 transporter


Innate Abilities, Weirdness & Mutations

You cannot be hasted, slowed, berserked, paralysed or teleported.
You can dig through walls and to a lower floor.
You have a pair of large antennae on your head. (SInv)
Your four strong arms can wield two-handed weapons with a shield.


Message History

The stream of webbing hits you but does no damage.
You are caught in a web!
The hobgoblin closely misses you.
You struggle to detach yourself from the web.
The ribbon worm bites you.
* * * LOW HITPOINT WARNING * * *
The hobgoblin hits you but does no damage.
The web tears apart.
The ribbon worm closely misses you. The hobgoblin closely misses you.
The hobgoblin hits you.
* * * LOW HITPOINT WARNING * * *
The hobgoblin completely misses you.
You hit the hobgoblin.
You kill the hobgoblin!
The ribbon worm expels a string of sticky webbing.
The stream of webbing hits you but does no damage.
You are caught in a web!
The web tears apart.
You hit the ribbon worm.
The ribbon worm is lightly wounded.
The ribbon worm bites you.
* * * LOW HITPOINT WARNING * * *
You barely miss the ribbon worm.
The ribbon worm is lightly wounded.
The ribbon worm closely misses you.
You sock the ribbon worm!
The ribbon worm is heavily wounded.
The ribbon worm bites you.
* * * LOW HITPOINT WARNING * * *
You hit the ribbon worm.
The ribbon worm is heavily wounded.
The ribbon worm bites you!
* * * LOW HITPOINT WARNING * * *
You barely miss the ribbon worm.
The ribbon worm is heavily wounded.
The ribbon worm bites you.
* * * LOW HITPOINT WARNING * * *
You hit the ribbon worm.
The ribbon worm is severely wounded.
The ribbon worm bites you!
You die...

# . ###. #.. #.#
####+#.# #
#......# #.#..
#......###.>....
#......w@.......
#.....#####...##
#......# ...
#......# .
##......#####.#
................
###......#####.#
#.......####
#..........#


You could see a ribbon worm.

Vanquished Creatures
  A black bear (D:5)
  A jelly (D:5)
  A dart slug (D:2)
  A hobgoblin (D:3)
  A bat (D:3)
  2 goblins
  A kobold (D:2)
8 creatures vanquished.

Notes
Turn   | Place    | Note
-------+----------+-------------------------------------------
     0 | D:5      | GordonOverkill the Formicid Delver began the quest for the
                  | Orb.
     0 | D:5      | Reached XP level 1. HP: 18/18 MP: 1/1
     1 | D:6      | Noticed a sleepcap
    37 | D:5      | Noticed a jelly
    40 | D:5      | Killed a jelly
    41 | D:5      | Reached XP level 2. HP: 24/24 MP: 2/2
    41 | D:5      | Reached XP level 3. HP: 29/29 MP: 3/3
   158 | D:5      | Noticed a black bear
   160 | D:5      | Killed a black bear
   161 | D:5      | Reached skill level 5 in Maces & Flails
   161 | D:5      | Reached XP level 4. HP: 35/35 MP: 4/4
   161 | D:5      | Reached XP level 5. HP: 41/41 MP: 5/5
   161 | D:5      | Noticed a phantom
   407 | D:3      | Found a transporter.
   425 | D:3      | Found a blossoming altar of Fedhas.
   504 | D:3      | Slain by a ribbon worm

Illustrated notes

Levels and vault maps discovered:
D:2:      layout_basic, minmay_tromino_v4_a
D:3:      gammafunk_wand_slinger, layout_basic, fedhas_altar_2
D:4:      layout_rooms, mainiacjoe_overflow_surrounded_room, serial_shops,
          nicolae_shop_tiny_waterfront, roderic_batcave,
          kennysheep_generic_room_10, uniq_menkaure
D:5:      layout_gridville, mainiacjoe_overflow_24_doors,
          minmay_temple_entry_offerings
D:6:      layout_loops_ring, trog_book, item_on_display_a

Skill      XL: |  1  2  3 |
---------------+----------+-----
Maces & Flails | 3 5 |  5.1
Fighting       | |  3.2
Dodging        | |  1.7
Stealth        | |  6.0

Action                     |  1- 3 |  4- 6 || total
---------------------------+-------+-------++-------
  Melee: Mace              |       |    23 ||    23
         Punch             |       |     1 ||     1
  Evoke: Wand              |     4 |       ||     4
   Stab: Sleeping          |       |     1 ||     1
 Armour: Leather armour    |       |    21 ||    21
  Dodge: Dodged            |       |    15 ||    15
